 Dungeon Crawl Stone Soup version 0.30-a0-459-g9104f0fc43 (webtiles) character file.

Game seed: 11790044295603009929

1050 tilp the Slasher (level 8, -1/69 HPs)
             Began as a Meteoran Fighter on Dec 15, 2022.
             Was an Initiate of Okawaru.
             Slain by a two-headed ogre
             ... wielding a +0 giant spiked club
              (10 damage)
             ... on level 9 of the Dungeon.
             The game lasted 00:10:10 (1904 turns).

tilp the Slasher (Meteoran Fighter)                 Turns: 1904, Time: 00:10:11

Health: -1/69      AC:  9    Str: 17    XL:     8   Next: 80%
Magic:  9/9        EV: 11    Int: 11    God:    Okawaru [......]
Gold:   128        SH:  0    Dex: 15    Spells: 7/7 levels left

rFire   . . .      SeeInvis .    a - +1 long sword (venom)
rCold   . . .      Faith    .    c - +0 buckler
rNeg    . . .      Spirit   .    g - +0 scale mail
rPois   +          Reflect  .    (no helmet)
rElec   .          Harm     .    i - +1 cloak
rCorr   .          Rampage  .    (no gloves)
Will    +....                    (no boots)
Stlth   ..........               (no amulet)
HPRegen 0.31/turn                m - ring of poison resistance
MPRegen 0.11/turn                (no ring)

@: confused, ambrosia-drunk, glowing
A: sense surroundings 1, otherworldly, glowing, explore regen
a: Renounce Religion


You were on level 9 of the Dungeon.
You worshipped Okawaru.
Okawaru was noncommittal.
You visited 2 branches of the dungeon, and saw 9 of its levels.

You collected 158 gold pieces.
You spent 30 gold pieces at shops.

Inventory:

Hand Weapons
 a - a +1 long sword of venom (weapon)
Missiles
 d - 3 boomerangs
 h - a silver boomerang
 o - 5 javelins
 p - 8 poisoned darts (quivered)
Armour
 c - a +0 buckler (worn)
 g - a +0 scale mail (worn)
 i - a +1 cloak (worn)
Jewellery
 m - a ring of poison resistance (left hand)
Wands
 q - a wand of flame (12)
 s - a wand of digging (4)
Scrolls
 f - a scroll of torment {unknown}
 n - 2 scrolls of teleportation
Potions
 b - 2 potions of berserk rage
 e - a potion of attraction {unknown}
 k - a potion of lignification {unknown}
 l - a potion of brilliance {unknown}


   Skills:
 + Level 5.6 Fighting
 + Level 5.8 Long Blades
 - Level 4.0 Armour
 + Level 5.8 Dodging
 + Level 3.5 Stealth
 - Level 4.0 Shields


You had 7 spell levels left.
You didn't know any spells.
Your spell library contained the following spells:

 Spells                   Type           Power      Damage    Failure   Level
 Ensorcelled Hibernation  Hex/Ice        0%         N/A       92%         2
 Portal Projectile        Hex/Tloc       0%         N/A       99%         3
 Spider Form              Tmut/Pois      0%         N/A       99%         3
 Anguish                  Hex/Necr       0%         N/A       100%        4
 Blade Hands              Tmut           0%         N/A       100%        5
 Yara's Violent Unravell  Hex/Tmut       0%         3d3       100%        5
 Enfeeble                 Hex            0%         N/A       100%        7
 Tukima's Dance           Hex            Unusable   N/A       N/A         3

Dungeon Overview and Level Annotations

Branches:
Dungeon (10/15) Zot: 2969  Temple (1/1) D:5 Zot: 441     Orc (0/2) D:9
   Lair: D:8-11

Altars:
Ashenzari
Gozag
Okawaru
Qazlal
Ru
Uskayaw
Wu Jian
Yredelemnul
Zin
The Shining One

Shops:
D:5 *

Annotations:
D:4 2 transporters


Innate Abilities, Weirdness & Mutations

You passively map a small area around you.
You are easily found by Zot.
You glow in the dark.
You regain HP and MP as you explore.


Message History

Evoke which item? (* to show all) (? for menu, Esc to quit)
That's the wrong kind of item! (Use * to select it.) Evoke which item? (* to show all) (? for menu, Esc to quit)
Okay, then.
You don't have any such object.
Evoke which item? (* to show all) (? for menu, Esc to quit)
You don't have any such object.
Evoke which item? (* to show all) (? for menu, Esc to quit)
Okay, then.
Throw: 8 darts (poison)
Press: ? - help, Q - select action, (/) - cycle Shift-Dir - straight line, f/p - two-headed ogre
Aim: a two-headed ogre, wielding a +0 giant spiked club and a +1 dire flail of protection (heavily wounded, very poisoned, 75% to hit)
Okay, then.
Unknown command.
Unknown command.
You hit the two-headed ogre but do no damage.
The two-headed ogre looks as sick as possible!
The two-headed ogre is heavily wounded.
The two-headed ogre hits you with a +0 giant spiked club!!
The two-headed ogre hits you with a +1 dire flail of protection!!
* * * LOW HITPOINT WARNING * * *
Unknown command.
Unknown command.
Unknown command.
You hit the two-headed ogre but do no damage.
The two-headed ogre looks as sick as possible!
The two-headed ogre is heavily wounded.
The two-headed ogre hits you but does no damage.
The two-headed ogre hits you with a +1 dire flail of protection!
* * * LOW HITPOINT WARNING * * *
Unknown command.
Unknown command.
Unknown command.
You barely miss the two-headed ogre.
The two-headed ogre is severely wounded.
Unknown command.
You are confused.
You feel invigorated.
The two-headed ogre hits you with a +0 giant spiked club!
You die...

.....#.....#.....................
.....#.....#.....................
.....#.....#.............>.......
.....#.....#.....................
##############'##################
, #.................
#..........>...... ,
#.................
#.........@O......
#................. ,
#................. ,
#.................
#................. , , *
################## , , ,* ,, , ,
, , ,, ,, , , , ,


You could see a two-headed ogre (extremely poisoned).

Vanquished Creatures
  2 phantoms
  2 necrophages
  6 killer bees (D:9)
  5 howler monkeys
  An orc priest (D:4)
  4 hounds
  An orc wizard (D:5)
  5 adders
  A shadow imp (D:5)
  2 ufetubi
  2 dart slugs (D:4)
  20 orcs
  3 bats
  7 endoplasms
  2 giant cockroaches (D:4)
  A goblin (D:4)
  2 hobgoblins
  6 kobolds
  2 quokkas
  4 ball pythons
78 creatures vanquished.

Vanquished Creatures (others)
  An orc (D:5)
1 creature vanquished.

Grand Total: 79 creatures vanquished

Notes
Turn   | Place    | Note
-------+----------+-------------------------------------------
     0 | D:1      | tilp the Meteoran Fighter began the quest for the Orb.
     0 | D:1      | Reached XP level 1. HP: 19/19 MP: 2/2
    74 | D:2      | Reached XP level 2. HP: 26/26 MP: 3/3
   110 | D:2      | Reached skill level 1 in Dodging
   182 | D:2      | Reached XP level 3. HP: 27/31 MP: 4/4
   370 | D:4      | Noticed a howler monkey
   379 | D:4      | Killed a howler monkey
   380 | D:4      | Reached XP level 4. HP: 34/40 MP: 5/5
   408 | D:4      | Reached XP level 5. HP: 44/46 MP: 6/6
   426 | D:4      | Reached skill level 1 in Stealth
   460 | D:4      | Found a transporter.
   569 | D:4      | Found a transporter.
   739 | D:4      | Noticed a phantom
   748 | D:4      | Killed a phantom
   749 | D:4      | Reached XP level 6. HP: 44/52 MP: 7/7
   852 | D:5      | Entered Level 5 of the Dungeon
   857 | D:5      | Found Atopix's Assorted Antiques.
   890 | D:5      | Reached XP level 7. HP: 25/59 MP: 8/8
   906 | D:5      | Bought a scroll labelled JYKHEM DOWKE for 30 gold pieces
  1135 | D:5      | Reached XP level 8. HP: 58/67 MP: 9/9
  1203 | D:5      | Found a staircase to the Ecumenical Temple.
  1212 | Temple   | Entered the Ecumenical Temple
  1300 | Temple   | Became a worshipper of Warmaster Okawaru
  1447 | D:6      | Reached skill level 5 in Long Blades
  1447 | D:6      | Reached skill level 5 in Dodging
  1481 | D:6      | You fall into a shaft and drop 3 floors!
  1556 | D:9      | Reached skill level 5 in Fighting
  1817 | D:10     | Entered Level 10 of the Dungeon
  1891 | D:9      | Found a staircase to the Orcish Mines.
  1895 | D:9      | Noticed a two-headed ogre
  1904 | D:9      | Slain by a two-headed ogre

Illustrated notes

Levels and vault maps discovered:
D:1:      lightli_molten_gateway, layout_basic
D:2:      layout_loops_cross, serial_glass, glass_columns_b, glass_columns_a,
          minmay_tetromino_t4
D:3:      layout_loops_ring, elyvilon_altar_5, gammafunk_ghost_stat_death,
          hangedman_decor_clover_reticule
D:4:      gammafunk_steamed_eel, layout_loops_cross
D:5:      layout_cave_pools, minmay_temple_entry_antechambers, serial_shops,
          shop_statue
D:6:      layout_gridville, wad_floor_pattern_2, uniq_sigmund
D:9:      layout_grid_maze, orc_0_dummy
D:10:     layout_basic, minmay_joined_circles
Temple:   mainiacjoe_temple_trianglar_array

Skill      XL: |  1  2  3  4  5  6  7  8 |
---------------+-------------------------+-----
Dodging        | 1 2 4 5 |  5.8
Long Blades    | 3 4 5 |  5.8
Armour         | 4 |  4.0
Shields        | 4 |  4.0
Stealth        | 1 2 3 |  3.5
Fighting       | 4 5 |  5.6

Action                   |  1- 3 |  4- 6 |  7- 9 || total
-------------------------+-------+-------+-------++-------
Melee: Long sword        |    56 |   136 |   147 ||   339
Evoke: Wand              |       |       |     3 ||     3
  Use: Potion            |       |       |     4 ||     4
       Scroll            |       |       |    11 ||    11
Armor: Scale mail        |    25 |    73 |   111 ||   209
Dodge: Dodged            |    23 |    49 |    96 ||   168
Block: Buckler           |    12 |    38 |    47 ||    97

Table legend: (Time is in decaauts)
 A = Elapsed time spent in this place.
 B = Non-inter-level travel time spent in this place.
 C = Inter-level travel time spent in this place.
 D = Time resting spent in this place.
 E = Time spent auto-exploring this place.
 F = Levels seen in this place.
 G = Mean time per level.
                   A        B        C        D        E       F      G
               +--------+--------+--------+--------+--------+-----+--------+
         Total |   1987 |   1899 |     88 |     37 |      0 |   9 |  220.8 |
       Dungeon |   1829 |   1767 |     62 |      3 |      0 |   8 |  228.6 |
        Temple |    158 |    132 |     26 |     34 |      0 |   1 |  158.0 |
               +--------+--------+--------+--------+--------+-----+--------+

Top non-repeatable levels by time:
     D:4: 589 daAuts
     D:9: 420 daAuts
     D:5: 407 daAuts
     D:2: 200 daAuts
  Temple: 158 daAuts
     D:1: 100 daAuts
     D:6: 92 daAuts
     D:3: 10 daAuts
    D:10: 8 daAuts
